the cat cut their tongues (slapped by me) :)

Match 21553316
End
Construct Infanterie Kompanie
Selects Breakthrough Battlegroup
Selects Assault Grenadiers
Grenadier Squad
MG 42 Machine Gun Team
Grenadier Squad
GrW 34 Mortar Team
Construct Panzergrenadier Kompanie
Panzergrenadier Squad
Support Elements
StuG III G Assault Gun
251 Medium Carrier
Nebelwerfer 42 Rocket Launcher Team
Selects 2.5-tonne Cargo Truck
Selects Blitzkrieg
Pak 40 Anti-tank Gun Team
Pioneer Squad
Construct Panzer Kompanie
Panzer IV Medium Tank
Panzer IV Medium Tank
Side Skirts
Selects Tiger Heavy Tank
Tiger Heavy Tank
Selects Smoke Bombing Run
Panzer Officer Quarters
Panzergrenadier Squad
Selects Incendiary Bombing Run
Incendiary Bombing Run
Nebelwerfer 42 Rocket Launcher Team
Smoke Bombing Run
Incendiary Bombing Run
Smoke Bombing Run
Incendiary Bombing Run
Smoke Bombing Run
Kriegshase
Hunter dak 4v4 player
Depthz
frehzii
Adult Asthma Is A Choice
First Trans Champ
0
0

Comments sign in to comment!

No comments posted yet!